[ AOE2 MATCH · #481961809 ]
UnrankedPersians vs Chinese
[ REPLAY ANALYSIS · EXTRACTED FROM THE RECORDED GAME ]
Feudal
10:24
Castle
14:01
Imperial
—
| APM avg | 24.8 |
| APM peak | 43 |
| eAPM avg | 15.2 |
| Villagers / military | 111 / 96 |
Focus
⚔️ 29.6% · 🌾 70.4%
Knight ×81 · Archer ×12 · Monk ×3
Feudal
9:24
Castle
25:33
Imperial
—
| APM avg | 37.2 |
| APM peak | 74 |
| eAPM avg | 19.5 |
| Villagers / military | 66 / 41 |
Focus
⚔️ 30.7% · 🌾 69.3%
Militia ×22 · Spearman ×14 · Monk ×2 · Mangonel ×2 · Scorpion ×1
Feudal
11:54
Castle
15:52
Imperial
33:03
| APM avg | 33.8 |
| APM peak | 67 |
| eAPM avg | 21.1 |
| Villagers / military | 173 / 131 |
Focus
⚔️ 33.3% · 🌾 66.7%
Fire Lancer ×66 · Chu Ko Nu ×48 · Battering Ram ×10 · Trebuchet (Packed) ×4 · Spearman ×2 · Monk ×1
Feudal
9:16
Castle
20:43
Imperial
34:25
| APM avg | 39.3 |
| APM peak | 74 |
| eAPM avg | 25.0 |
| Villagers / military | 144 / 276 |
Focus
⚔️ 31.8% · 🌾 68.2%
Knight ×212 · Spearman ×47 · Camel Scout ×15 · Monk ×1 · Battering Ram ×1
Feudal
11:44
Castle
15:35
Imperial
—
| APM avg | 50.8 |
| APM peak | 100 |
| eAPM avg | 21.0 |
| Villagers / military | 91 / 76 |
Focus
⚔️ 21.2% · 🌾 78.8%
Conquistador ×73 · Petard ×2 · Battering Ram ×1
Feudal
10:31
Castle
14:13
Imperial
34:19
| APM avg | 34.6 |
| APM peak | 57 |
| eAPM avg | 20.8 |
| Villagers / military | 147 / 222 |
Focus
⚔️ 33.5% · 🌾 66.5%
Spearman ×170 · Battering Ram ×26 · Cavalry Archer ×13 · Trebuchet (Packed) ×7 · Monk ×3 · Scorpion ×3
Feudal
8:37
Castle
20:13
Imperial
35:42
| APM avg | 83.0 |
| APM peak | 165 |
| eAPM avg | 51.0 |
| Villagers / military | 147 / 130 |
Focus
⚔️ 72.5% · 🌾 27.5%
Steppe Lancer ×114 · Battering Ram ×5 · Monk ×4 · Knight ×4 · Trebuchet (Packed) ×3
Feudal
8:52
Castle
24:15
Imperial
—
| APM avg | 36.9 |
| APM peak | 99 |
| eAPM avg | 20.2 |
| Villagers / military | 107 / 123 |
Focus
⚔️ 41.6% · 🌾 58.4%
Knight ×94 · Scout Cavalry ×24 · Spearman ×5
Match map
Initial resources + every placement click. Lines = walls · curves = elevation contours. ◆ gold · ⬟ stone · ● berries · ✦ relic · ◌ wall gap
Your base· ✓ Closed at 14:01 · 0t walls · 2 gate(s)
Oliver's base· ✓ Closed at 25:33 · 63t walls · 3 gate(s)
PACOVAN's base· ✓ Closed at 15:52 · 0t walls · 3 gate(s)
iZanor's base· ✓ Closed at 20:43 · 0t walls · 2 gate(s)
Mono brasilero's base· ✓ Closed at 15:35 · 0t walls · 2 gate(s)
Osho's base· ✓ Closed at 14:13 · 0t walls · 3 gate(s)
BTJ | ThC_Lobo's base· ✓ Closed at 20:13 · 0t walls · 3 gate(s)
Trust_Me's base· ✓ Closed at 24:15 · 0t walls · 2 gate(s)
Smoothed initial terrain · ◌ = detected wall gap · hover for details
Inputs per minute
— emrek03 - - Oliver
Build order — emrek03
First 150 of 333 actions detected
| 0:02 | Build | House |
| 0:04 | Build | House |
| 0:12 | Create | Villager (Male) |
| 0:12 | Create | Villager (Male) |
| 0:12 | Create | Villager (Male) |
| 0:12 | Create | Villager (Male) |
| 0:13 | Create | Villager (Male) |
| 1:42 | Create | Villager (Male) |
| 1:42 | Create | Villager (Male) |
| 2:18 | Create | Villager (Male) |
| 2:18 | Create | Villager (Male) |
| 2:22 | Build | Lumber Camp |
| 2:27 | Build | House |
| 2:29 | Build | House |
| 3:16 | Create | Villager (Male) |
| 3:16 | Create | Villager (Male) |
| 3:16 | Create | Villager (Male) |
| 4:04 | Create | Villager (Male) |
| 4:05 | Create | Villager (Male) |
| 4:26 | Create | Villager (Male) |
| 5:03 | Create | Villager (Male) |
| 5:03 | Create | Villager (Male) |
| 5:04 | Create | Villager (Male) |
| 5:04 | Create | Villager (Male) |
| 5:04 | Create | Villager (Male) |
| 5:35 | Build | Mill |
| 6:38 | Create | Villager (Male) |
| 6:39 | Create | Villager (Male) |
| 6:55 | Create | Villager (Male) |
| 6:55 | Create | Villager (Male) |
| 7:17 | Create | Villager (Male) |
| 7:17 | Create | Villager (Male) |
| 7:21 | Build | Mining Camp |
| 8:12 | Create | Villager (Male) |
| 8:12 | Create | Villager (Male) |
| 8:13 | Create | Villager (Male) |
| 8:19 | Research | Feudal Age |
| 9:06 | Create | Villager (Male) |
| 9:26 | Build | Farm |
| 9:45 | Create | Villager (Male) |
| 10:24 | Age | Feudal Age |
| 10:31 | Build | Market |
| 10:51 | Build | Blacksmith |
| 10:55 | Build | House |
| 10:59 | Create | Villager (Male) |
| 11:31 | Build | House |
| 11:36 | Research | Castle Age |
| 12:43 | Research | Double-Bit Axe |
| 13:06 | Research | Horse Collar |
| 13:06 | Research | Horse Collar |
| 13:21 | Build | Barracks |
| 13:33 | Build | Farm |
| 13:37 | Build | Farm |
| 14:01 | Age | Castle Age |
| 14:08 | Build | Stable |
| 14:19 | Create | Villager (Male) |
| 14:19 | Create | Villager (Male) |
| 14:43 | Build | Farm |
| 14:45 | Build | Farm |
| 14:49 | Create | Knight |
| 14:49 | Create | Knight |
| 15:01 | Build | Farm |
| 15:27 | Create | Villager (Male) |
| 15:39 | Build | Farm |
| 15:54 | Build | Farm |
| 16:02 | Build | Farm |
| 16:05 | Create | Villager (Male) |
| 16:05 | Create | Villager (Male) |
| 16:21 | Build | Farm |
| 16:47 | Create | Villager (Male) |
| 16:48 | Create | Villager (Male) |
| 16:56 | Build | Farm |
| 17:14 | Create | Villager (Male) |
| 17:18 | Create | Knight |
| 17:34 | Build | Farm |
| 17:41 | Build | Farm |
| 17:42 | Build | Farm |
| 17:46 | Create | Villager (Male) |
| 17:49 | Create | Knight |
| 18:01 | Build | Town Center |
| 18:15 | Create | Villager (Male) |
| 18:15 | Create | Villager (Male) |
| 18:36 | Create | Knight |
| 18:40 | Build | House |
| 18:43 | Build | House |
| 18:44 | Build | House |
| 18:51 | Create | Villager (Male) |
| 18:51 | Create | Villager (Male) |
| 19:47 | Create | Villager (Male) |
| 19:48 | Create | Villager (Male) |
| 20:06 | Create | Villager (Male) |
| 20:16 | Build | Farm |
| 20:19 | Build | Farm |
| 20:20 | Build | Farm |
| 20:20 | Build | Farm |
| 20:20 | Build | Farm |
| 20:23 | Create | Knight |
| 20:23 | Create | Knight |
| 20:24 | Create | Knight |
| 20:27 | Create | Villager (Male) |
| 20:27 | Create | Villager (Male) |
| 20:29 | Build | House |
| 20:31 | Build | House |
| 20:40 | Build | Farm |
| 20:52 | Create | Villager (Male) |
| 21:00 | Build | Farm |
| 21:00 | Build | Farm |
| 21:00 | Build | Farm |
| 21:01 | Build | Farm |
| 21:05 | Create | Villager (Male) |
| 21:06 | Create | Villager (Male) |
| 21:15 | Create | Knight |
| 21:44 | Create | Villager (Male) |
| 21:45 | Create | Villager (Male) |
| 21:45 | Create | Villager (Male) |
| 21:50 | Create | Villager (Male) |
| 21:58 | Build | Farm |
| 21:59 | Build | Farm |
| 22:03 | Build | Farm |
| 22:08 | Build | Farm |
| 22:09 | Build | Farm |
| 22:18 | Create | Villager (Male) |
| 22:18 | Create | Villager (Male) |
| 22:18 | Create | Villager (Male) |
| 22:21 | Create | Knight |
| 22:41 | Research | Scale Barding Armor |
| 22:50 | Create | Villager (Male) |
| 22:53 | Create | Knight |
| 22:59 | Build | Farm |
| 22:59 | Build | Farm |
| 23:00 | Build | Farm |
| 23:10 | Build | Farm |
| 23:14 | Create | Villager (Male) |
| 23:14 | Create | Villager (Male) |
| 23:16 | Create | Villager (Male) |
| 23:16 | Create | Villager (Male) |
| 23:36 | Create | Knight |
| 23:44 | Create | Villager (Male) |
| 23:44 | Create | Villager (Male) |
| 23:50 | Research | Forging |
| 24:00 | Build | Farm |
| 24:26 | Create | Villager (Male) |
| 24:26 | Create | Villager (Male) |
| 24:33 | Build | House |
| 24:34 | Build | House |
| 24:35 | Build | House |
| 24:50 | Research | Bloodlines |
| 24:52 | Research | Chain Barding Armor |
| 24:59 | Create | Knight |
| 24:59 | Create | Knight |
Build order — Oliver
First 150 of 202 actions detected
| 0:07 | Create | Villager (Male) |
| 0:07 | Create | Villager (Male) |
| 0:07 | Create | Villager (Male) |
| 0:08 | Create | Villager (Male) |
| 0:09 | Build | House |
| 0:10 | Build | House |
| 1:30 | Create | Villager (Male) |
| 1:30 | Create | Villager (Male) |
| 1:30 | Create | Villager (Male) |
| 1:55 | Build | Lumber Camp |
| 2:08 | Create | Villager (Male) |
| 2:08 | Create | Villager (Male) |
| 2:34 | Create | Villager (Male) |
| 2:34 | Create | Villager (Male) |
| 2:57 | Create | Villager (Male) |
| 2:57 | Create | Villager (Male) |
| 2:59 | Create | Villager (Male) |
| 2:59 | Create | Villager (Male) |
| 3:24 | Create | Villager (Male) |
| 3:24 | Create | Villager (Male) |
| 3:50 | Build | House |
| 4:05 | Create | Villager (Male) |
| 4:05 | Create | Villager (Male) |
| 4:05 | Create | Villager (Male) |
| 4:06 | Create | Villager (Male) |
| 4:23 | Build | House |
| 4:44 | Create | Villager (Male) |
| 4:44 | Create | Villager (Male) |
| 5:50 | Create | Villager (Male) |
| 5:50 | Create | Villager (Male) |
| 6:10 | Build | Mill |
| 6:31 | Create | Villager (Male) |
| 6:32 | Create | Villager (Male) |
| 7:14 | Research | Feudal Age |
| 7:41 | Research | Loom |
| 7:50 | Build | Mining Camp |
| 9:09 | Build | Palisade Wall |
| 9:12 | Build | Palisade Wall |
| 9:18 | Build | Palisade Wall |
| 9:19 | Build | Palisade Wall |
| 9:24 | Age | Feudal Age |
| 9:31 | Create | Villager (Male) |
| 9:31 | Create | Villager (Male) |
| 9:36 | Build | Palisade Wall |
| 9:43 | Build | Watch Tower |
| 9:58 | Create | Villager (Male) |
| 9:58 | Create | Villager (Male) |
| 10:07 | Build | Mining Camp |
| 10:52 | Create | Villager (Male) |
| 11:24 | Research | Double-Bit Axe |
| 11:25 | Research | Horse Collar |
| 11:37 | Build | Blacksmith |
| 11:40 | Create | Villager (Male) |
| 11:41 | Create | Villager (Male) |
| 11:54 | Build | Watch Tower |
| 12:04 | Build | Watch Tower |
| 12:10 | Research | Fletching |
| 12:14 | Build | House |
| 13:48 | Build | Barracks |
| 13:51 | Create | Villager (Male) |
| 13:51 | Create | Villager (Male) |
| 14:22 | Create | Villager (Male) |
| 14:35 | Build | Farm |
| 14:38 | Build | Farm |
| 15:00 | Create | Villager (Male) |
| 15:07 | Build | House |
| 15:17 | Research | Scale Mail Armor |
| 15:18 | Research | Forging |
| 15:23 | Create | Militia |
| 15:30 | Build | Palisade Wall |
| 15:53 | Build | Farm |
| 15:54 | Create | Villager (Male) |
| 16:13 | Build | Farm |
| 16:14 | Build | Farm |
| 16:14 | Build | Farm |
| 16:14 | Build | Farm |
| 16:14 | Build | Farm |
| 16:14 | Build | Farm |
| 16:29 | Create | Villager (Male) |
| 16:42 | Build | Palisade Wall |
| 16:48 | Build | Palisade Wall |
| 16:51 | Build | Palisade Wall |
| 16:53 | Build | Palisade Wall |
| 16:57 | Build | Palisade Wall |
| 16:59 | Create | Villager (Male) |
| 17:12 | Build | Farm |
| 17:13 | Research | Man-at-Arms (upgrade) |
| 17:38 | Build | Palisade Wall |
| 17:45 | Build | Farm |
| 17:55 | Build | Palisade Wall |
| 17:58 | Create | Villager (Male) |
| 18:03 | Build | Market |
| 18:18 | Build | Watch Tower |
| 18:37 | Build | Palisade Wall |
| 18:45 | Create | Villager (Male) |
| 18:47 | Build | House |
| 19:31 | Build | Mill |
| 19:32 | Build | Farm |
| 19:33 | Build | Farm |
| 19:33 | Build | Farm |
| 19:33 | Build | Farm |
| 19:33 | Build | Farm |
| 19:35 | Create | Villager (Male) |
| 19:36 | Create | Villager (Male) |
| 19:36 | Create | Villager (Male) |
| 20:19 | Build | Farm |
| 20:19 | Build | Farm |
| 20:20 | Build | Farm |
| 20:20 | Build | Farm |
| 20:41 | Build | Farm |
| 20:49 | Create | Militia |
| 21:26 | Create | Militia |
| 21:29 | Build | House |
| 22:02 | Build | Watch Tower |
| 22:26 | Create | Militia |
| 22:52 | Build | Farm |
| 22:53 | Research | Castle Age |
| 23:16 | Build | Lumber Camp |
| 23:20 | Create | Militia |
| 23:37 | Create | Militia |
| 23:58 | Create | Militia |
| 24:53 | Create | Militia |
| 24:53 | Create | Militia |
| 24:56 | Build | House |
| 24:58 | Build | House |
| 25:07 | Build | House |
| 25:08 | Build | House |
| 25:10 | Build | House |
| 25:33 | Age | Castle Age |
| 25:38 | Build | Barracks |
| 25:45 | Build | Siege Workshop |
| 25:47 | Create | Villager (Male) |
| 25:47 | Create | Villager (Male) |
| 25:51 | Create | Militia |
| 26:30 | Create | Mangonel |
| 26:37 | Research | Long Swordsman (upgrade) |
| 27:13 | Create | Militia |
| 27:13 | Create | Militia |
| 27:17 | Create | Spearman |
| 27:17 | Create | Spearman |
| 27:17 | Create | Spearman |
| 27:33 | Build | Monastery |
| 27:38 | Build | Palisade Wall |
| 28:27 | Create | Mangonel |
| 28:28 | Create | Monk |
| 28:28 | Create | Monk |
| 28:53 | Create | Militia |
| 28:53 | Create | Militia |
| 31:21 | Build | Town Center |
| 32:25 | Create | Villager (Male) |
Build order — PACOVAN
First 150 of 466 actions detected
| 0:07 | Research | Loom |
| 0:46 | Create | Villager (Male) |
| 0:46 | Create | Villager (Male) |
| 1:11 | Create | Villager (Male) |
| 1:12 | Create | Villager (Male) |
| 1:34 | Create | Villager (Male) |
| 1:34 | Create | Villager (Male) |
| 1:49 | Build | Lumber Camp |
| 2:00 | Create | Villager (Male) |
| 2:00 | Create | Villager (Male) |
| 2:27 | Create | Villager (Male) |
| 2:28 | Create | Villager (Male) |
| 2:59 | Create | Villager (Male) |
| 2:59 | Create | Villager (Male) |
| 3:21 | Create | Villager (Male) |
| 3:21 | Create | Villager (Male) |
| 3:21 | Create | Villager (Male) |
| 3:23 | Build | House |
| 3:36 | Build | House |
| 3:49 | Create | Villager (Male) |
| 3:49 | Create | Villager (Male) |
| 3:50 | Create | Villager (Male) |
| 4:12 | Create | Villager (Male) |
| 4:13 | Create | Villager (Male) |
| 4:49 | Build | Mill |
| 4:57 | Create | Villager (Male) |
| 5:23 | Create | Villager (Male) |
| 5:32 | Build | Farm |
| 5:49 | Create | Villager (Male) |
| 6:06 | Build | House |
| 6:17 | Create | Villager (Male) |
| 6:17 | Create | Villager (Male) |
| 6:36 | Build | House |
| 7:14 | Create | Villager (Male) |
| 7:15 | Create | Villager (Male) |
| 7:15 | Create | Villager (Male) |
| 7:18 | Build | Farm |
| 7:45 | Create | Villager (Male) |
| 7:55 | Build | Farm |
| 8:17 | Build | Farm |
| 8:47 | Create | Villager (Male) |
| 9:03 | Build | Farm |
| 9:07 | Build | Farm |
| 9:14 | Create | Villager (Male) |
| 9:24 | Build | Mining Camp |
| 9:42 | Research | Feudal Age |
| 9:42 | Research | Feudal Age |
| 11:54 | Age | Feudal Age |
| 11:57 | Create | Villager (Male) |
| 12:01 | Build | Market |
| 12:04 | Build | Blacksmith |
| 12:10 | Research | Double-Bit Axe |
| 12:10 | Research | Horse Collar |
| 12:11 | Research | Horse Collar |
| 12:24 | Create | Villager (Male) |
| 12:42 | Build | Farm |
| 13:12 | Research | Castle Age |
| 13:12 | Research | Castle Age |
| 13:17 | Build | Farm |
| 13:51 | Create | Villager (Male) |
| 15:21 | Create | Villager (Male) |
| 15:27 | Build | Farm |
| 15:52 | Age | Castle Age |
| 15:54 | Build | Town Center |
| 15:56 | Build | Town Center |
| 15:59 | Research | Wheelbarrow |
| 16:06 | Build | Town Center |
| 16:31 | Build | House |
| 16:32 | Build | House |
| 16:51 | Build | Farm |
| 16:53 | Create | Villager (Male) |
| 16:53 | Create | Villager (Male) |
| 17:13 | Create | Villager (Male) |
| 17:14 | Create | Villager (Male) |
| 17:19 | Create | Villager (Male) |
| 17:19 | Create | Villager (Male) |
| 17:23 | Build | Farm |
| 17:26 | Create | Villager (Male) |
| 17:26 | Create | Villager (Male) |
| 17:26 | Create | Villager (Male) |
| 17:31 | Build | House |
| 17:45 | Build | Farm |
| 17:46 | Build | Farm |
| 17:48 | Build | Farm |
| 17:49 | Create | Villager (Male) |
| 17:49 | Create | Villager (Male) |
| 17:50 | Create | Villager (Male) |
| 17:59 | Build | Farm |
| 18:04 | Build | House |
| 18:10 | Build | Farm |
| 18:12 | Create | Villager (Male) |
| 18:12 | Create | Villager (Male) |
| 18:20 | Create | Villager (Male) |
| 18:20 | Create | Villager (Male) |
| 18:25 | Research | Bow Saw |
| 18:26 | Research | Bow Saw |
| 18:26 | Research | Bow Saw |
| 18:38 | Create | Villager (Male) |
| 18:38 | Create | Villager (Male) |
| 18:39 | Create | Villager (Male) |
| 18:48 | Build | Farm |
| 19:05 | Create | Villager (Male) |
| 19:05 | Create | Villager (Male) |
| 19:05 | Create | Villager (Male) |
| 19:05 | Create | Villager (Male) |
| 19:06 | Create | Villager (Male) |
| 19:10 | Build | Farm |
| 19:12 | Build | Farm |
| 19:13 | Build | Farm |
| 19:21 | Create | Villager (Male) |
| 19:21 | Create | Villager (Male) |
| 19:24 | Build | House |
| 19:26 | Build | Farm |
| 19:29 | Build | Farm |
| 19:33 | Build | Farm |
| 19:34 | Create | Villager (Male) |
| 19:34 | Create | Villager (Male) |
| 19:35 | Create | Villager (Male) |
| 19:35 | Create | Villager (Male) |
| 19:39 | Build | Farm |
| 19:41 | Build | Farm |
| 19:45 | Create | Villager (Male) |
| 19:45 | Create | Villager (Male) |
| 19:46 | Create | Villager (Male) |
| 19:50 | Build | Farm |
| 20:04 | Create | Villager (Male) |
| 20:04 | Create | Villager (Male) |
| 20:07 | Create | Villager (Male) |
| 20:07 | Create | Villager (Male) |
| 20:11 | Build | Barracks |
| 20:14 | Create | Villager (Male) |
| 20:15 | Create | Villager (Male) |
| 20:15 | Create | Villager (Male) |
| 20:19 | Build | Farm |
| 20:23 | Create | Villager (Male) |
| 20:24 | Create | Villager (Male) |
| 20:29 | Build | Farm |
| 20:31 | Create | Villager (Male) |
| 20:31 | Create | Villager (Male) |
| 20:31 | Create | Villager (Male) |
| 20:33 | Create | Villager (Male) |
| 20:33 | Create | Villager (Male) |
| 20:34 | Create | Villager (Male) |
| 20:38 | Build | House |
| 20:39 | Create | Villager (Male) |
| 20:39 | Create | Villager (Male) |
| 20:43 | Create | Villager (Male) |
| 20:44 | Create | Villager (Male) |
| 20:44 | Create | Villager (Male) |
| 20:55 | Create | Spearman |
Build order — iZanor
First 150 of 438 actions detected
| 0:01 | Create | Villager (Male) ×4 |
| 0:02 | Build | House |
| 0:03 | Build | House |
| 1:36 | Create | Villager (Male) |
| 1:47 | Build | Lumber Camp |
| 2:04 | Create | Villager (Male) |
| 2:29 | Create | Villager (Male) |
| 2:54 | Create | Villager (Male) |
| 3:12 | Build | House |
| 3:21 | Create | Villager (Male) |
| 3:22 | Create | Villager (Male) |
| 3:41 | Create | Villager (Male) |
| 3:42 | Create | Villager (Male) |
| 4:07 | Create | Villager (Male) |
| 4:07 | Create | Villager (Male) |
| 4:36 | Create | Villager (Male) |
| 4:36 | Create | Villager (Male) |
| 4:37 | Create | Villager (Male) |
| 4:53 | Create | Villager (Male) |
| 4:55 | Build | Mill |
| 5:47 | Create | Villager (Male) |
| 6:02 | Create | Villager (Male) |
| 6:41 | Research | Loom |
| 6:52 | Research | Feudal Age |
| 6:52 | Research | Feudal Age |
| 7:54 | Build | House |
| 7:56 | Build | House |
| 9:05 | Create | Villager (Male) |
| 9:16 | Age | Feudal Age |
| 9:20 | Build | Town Center |
| 9:27 | Research | Horse Collar |
| 9:28 | Research | Double-Bit Axe |
| 9:42 | Create | Villager (Male) |
| 10:01 | Create | Villager (Male) |
| 10:31 | Create | Villager (Male) |
| 10:40 | Create | Villager (Male) |
| 10:52 | Create | Villager (Male) |
| 11:00 | Build | Farm |
| 11:05 | Build | Farm |
| 11:05 | Create | Villager (Male) |
| 11:06 | Create | Villager (Male) |
| 11:10 | Build | Farm |
| 11:11 | Build | Farm |
| 11:14 | Build | Farm |
| 11:19 | Build | Farm |
| 11:23 | Build | Farm |
| 11:26 | Create | Villager (Male) |
| 11:33 | Build | Farm |
| 11:36 | Build | Farm |
| 11:43 | Create | Villager (Male) |
| 11:59 | Build | Farm |
| 12:00 | Create | Villager (Male) |
| 12:00 | Create | Villager (Male) |
| 12:03 | Create | Villager (Male) |
| 12:13 | Create | Villager (Male) |
| 12:21 | Build | House |
| 12:23 | Build | House |
| 12:41 | Build | Farm |
| 12:44 | Create | Villager (Male) |
| 12:44 | Create | Villager (Male) |
| 12:47 | Create | Villager (Male) |
| 12:47 | Create | Villager (Male) |
| 12:53 | Build | Farm |
| 13:15 | Build | Farm |
| 13:22 | Build | Farm |
| 13:24 | Create | Villager (Male) |
| 13:25 | Create | Villager (Male) |
| 13:39 | Create | Villager (Male) |
| 13:39 | Create | Villager (Male) |
| 13:43 | Build | Farm |
| 14:07 | Create | Villager (Male) |
| 14:08 | Create | Villager (Male) |
| 14:18 | Build | Blacksmith |
| 14:19 | Build | House |
| 14:26 | Build | Farm |
| 14:36 | Research | Wheelbarrow |
| 14:37 | Create | Villager (Male) |
| 14:49 | Create | Villager (Male) |
| 14:52 | Build | Farm |
| 15:04 | Create | Villager (Male) |
| 15:31 | Build | Farm |
| 15:42 | Build | Farm |
| 15:42 | Create | Villager (Male) |
| 15:44 | Create | Villager (Male) |
| 15:51 | Create | Villager (Male) |
| 16:05 | Build | House |
| 16:16 | Create | Villager (Male) |
| 16:18 | Build | House |
| 16:19 | Build | Farm |
| 16:27 | Build | House |
| 16:30 | Build | House |
| 16:46 | Build | House |
| 16:52 | Build | Barracks |
| 16:53 | Create | Villager (Male) |
| 16:53 | Create | Villager (Male) |
| 17:12 | Build | Market |
| 17:21 | Create | Villager (Male) |
| 17:22 | Create | Villager (Male) |
| 17:28 | Build | Farm |
| 17:42 | Build | Mining Camp |
| 17:48 | Build | Stable |
| 17:58 | Create | Villager (Male) |
| 18:03 | Research | Castle Age |
| 18:03 | Research | Castle Age |
| 18:03 | Research | Castle Age |
| 18:06 | Research | Scale Barding Armor |
| 18:14 | Build | House |
| 18:15 | Build | House |
| 18:16 | Build | House |
| 18:24 | Build | Stable |
| 18:25 | Build | Stable |
| 18:30 | Create | Villager (Male) |
| 18:30 | Create | Villager (Male) |
| 18:38 | Research | Forging |
| 18:43 | Build | Farm |
| 18:46 | Build | Farm |
| 18:48 | Build | Farm |
| 18:54 | Research | Bloodlines |
| 19:25 | Research | Gold Mining |
| 19:30 | Build | Farm |
| 19:30 | Build | Farm |
| 19:40 | Create | Villager (Male) |
| 19:41 | Create | Villager (Male) |
| 19:42 | Create | Villager (Male) |
| 19:42 | Create | Villager (Male) |
| 19:55 | Build | House |
| 19:56 | Build | House |
| 19:56 | Build | House |
| 20:26 | Build | Siege Workshop |
| 20:35 | Create | Villager (Male) |
| 20:35 | Create | Villager (Male) |
| 20:37 | Create | Villager (Male) |
| 20:43 | Age | Castle Age |
| 20:44 | Research | Bow Saw |
| 20:44 | Research | Heavy Plow |
| 20:47 | Research | Chain Barding Armor |
| 20:50 | Build | Town Center |
| 20:55 | Create | Knight |
| 20:55 | Create | Knight |
| 21:08 | Create | Knight |
| 21:08 | Create | Knight |
| 21:16 | Create | Knight |
| 21:28 | Build | House |
| 21:28 | Build | House |
| 21:33 | Create | Knight |
| 21:33 | Create | Knight |
| 21:35 | Create | Villager (Male) |
| 21:35 | Create | Villager (Male) |
| 21:37 | Create | Villager (Male) |
| 21:41 | Build | House |
Build order — Mono brasilero
First 150 of 255 actions detected
| 0:00 | Create | Villager (Male) |
| 0:01 | Create | Villager (Male) |
| 0:04 | Build | House |
| 0:05 | Build | House |
| 0:07 | Create | Villager (Male) |
| 0:08 | Create | Villager (Male) |
| 0:08 | Create | Villager (Male) |
| 0:08 | Create | Villager (Male) |
| 1:30 | Create | Villager (Male) |
| 1:30 | Create | Villager (Male) |
| 1:57 | Build | Lumber Camp |
| 2:07 | Create | Villager (Male) |
| 2:07 | Create | Villager (Male) |
| 2:07 | Create | Villager (Male) |
| 2:32 | Create | Villager (Male) |
| 2:33 | Create | Villager (Male) |
| 2:45 | Create | Villager (Male) |
| 2:45 | Create | Villager (Male) |
| 3:28 | Build | House |
| 3:29 | Build | House |
| 3:37 | Create | Villager (Male) |
| 3:38 | Create | Villager (Male) |
| 4:34 | Create | Villager (Male) |
| 4:34 | Create | Villager (Male) |
| 4:34 | Create | Villager (Male) |
| 4:58 | Create | Villager (Male) |
| 4:58 | Create | Villager (Male) |
| 4:58 | Create | Villager (Male) |
| 6:02 | Create | Villager (Male) |
| 6:02 | Create | Villager (Male) |
| 6:14 | Create | Villager (Male) |
| 6:14 | Create | Villager (Male) |
| 6:41 | Create | Villager (Male) |
| 6:41 | Create | Villager (Male) |
| 6:41 | Create | Villager (Male) |
| 6:42 | Create | Villager (Male) |
| 7:08 | Build | Mill |
| 7:34 | Create | Villager (Male) |
| 7:34 | Create | Villager (Male) |
| 8:21 | Build | House |
| 8:33 | Research | Feudal Age |
| 8:33 | Research | Loom |
| 8:44 | Build | Mining Camp |
| 8:47 | Build | Farm |
| 9:05 | Build | Farm |
| 11:44 | Age | Feudal Age |
| 11:59 | Build | Market |
| 12:04 | Build | Blacksmith |
| 12:55 | Research | Castle Age |
| 12:55 | Research | Castle Age |
| 13:01 | Build | Mining Camp |
| 13:36 | Build | Farm |
| 13:50 | Build | Farm |
| 13:53 | Build | Farm |
| 13:54 | Build | Farm |
| 13:59 | Build | Farm |
| 14:07 | Research | Double-Bit Axe |
| 14:07 | Research | Double-Bit Axe |
| 14:53 | Research | Stone Mining |
| 14:53 | Research | Stone Mining |
| 15:15 | Build | House |
| 15:20 | Build | House |
| 15:35 | Age | Castle Age |
| 15:35 | Create | Villager (Male) |
| 15:35 | Create | Villager (Male) |
| 15:57 | Build | Outpost |
| 16:01 | Create | Villager (Male) |
| 16:01 | Create | Villager (Male) |
| 17:37 | Build | Castle |
| 17:53 | Build | House |
| 18:01 | Build | Palisade Wall |
| 18:07 | Create | Villager (Male) |
| 18:08 | Create | Villager (Male) |
| 18:22 | Create | Villager (Male) |
| 18:40 | Create | Petard |
| 18:40 | Create | Petard |
| 18:52 | Create | Conquistador |
| 18:52 | Create | Conquistador |
| 18:52 | Create | Conquistador |
| 19:04 | Build | Lumber Camp |
| 19:07 | Create | Villager (Male) |
| 19:08 | Create | Villager (Male) |
| 19:18 | Build | Farm |
| 19:18 | Build | Farm |
| 20:21 | Create | Conquistador |
| 20:22 | Create | Conquistador |
| 20:22 | Create | Conquistador |
| 20:22 | Create | Conquistador |
| 20:27 | Build | Farm |
| 20:27 | Build | Farm |
| 20:31 | Build | Gate |
| 20:36 | Build | Stone Wall |
| 21:17 | Create | Conquistador |
| 21:18 | Create | Conquistador |
| 21:18 | Create | Conquistador |
| 21:22 | Research | Scale Barding Armor |
| 21:22 | Research | Scale Barding Armor |
| 21:53 | Create | Conquistador |
| 21:53 | Create | Conquistador |
| 21:59 | Build | House |
| 22:02 | Build | Farm |
| 22:31 | Create | Conquistador |
| 22:31 | Create | Conquistador |
| 22:42 | Create | Villager (Male) |
| 22:42 | Create | Villager (Male) |
| 22:47 | Build | Lumber Camp |
| 22:58 | Build | Farm |
| 23:02 | Build | Mining Camp |
| 23:39 | Create | Conquistador |
| 23:39 | Create | Conquistador |
| 24:46 | Build | Siege Workshop |
| 24:47 | Create | Villager (Male) |
| 24:47 | Create | Villager (Male) |
| 24:48 | Create | Villager (Male) |
| 25:19 | Create | Conquistador |
| 25:19 | Create | Conquistador |
| 25:19 | Create | Conquistador |
| 25:34 | Build | Farm |
| 25:34 | Build | Farm |
| 25:46 | Create | Villager (Male) |
| 25:46 | Create | Villager (Male) |
| 26:31 | Create | Battering Ram |
| 26:39 | Build | Gate |
| 27:10 | Create | Villager (Male) |
| 27:12 | Create | Villager (Male) |
| 27:12 | Create | Villager (Male) |
| 27:12 | Create | Villager (Male) |
| 27:20 | Research | Gold Mining |
| 27:20 | Research | Gold Mining |
| 27:47 | Create | Conquistador |
| 27:48 | Create | Conquistador |
| 27:50 | Create | Villager (Male) |
| 27:50 | Create | Villager (Male) |
| 27:50 | Create | Villager (Male) |
| 27:58 | Build | Farm |
| 27:58 | Build | Farm |
| 27:58 | Build | Farm |
| 27:59 | Build | Farm |
| 27:59 | Build | Farm |
| 28:04 | Build | Farm |
| 28:06 | Build | Farm |
| 28:18 | Build | Farm |
| 28:26 | Create | Conquistador |
| 28:26 | Create | Conquistador |
| 28:52 | Create | Conquistador |
| 28:52 | Create | Conquistador |
| 29:14 | Create | Villager (Male) |
| 29:14 | Create | Villager (Male) |
| 29:15 | Create | Villager (Male) |
| 30:08 | Research | Chain Barding Armor |
Build order — Osho
First 150 of 366 actions detected
| 0:01 | Create | Villager (Male) ×4 |
| 0:02 | Build | House |
| 0:05 | Build | House |
| 1:38 | Create | Villager (Male) |
| 1:39 | Create | Villager (Male) |
| 1:55 | Build | Lumber Camp |
| 2:04 | Create | Villager (Male) |
| 2:04 | Create | Villager (Male) |
| 2:05 | Create | Villager (Male) |
| 2:47 | Create | Villager (Male) |
| 2:48 | Create | Villager (Male) |
| 3:18 | Create | Villager (Male) |
| 3:33 | Create | Villager (Male) |
| 3:34 | Create | Villager (Male) |
| 3:50 | Build | House |
| 3:50 | Build | House |
| 3:53 | Create | Villager (Male) |
| 3:54 | Create | Villager (Male) |
| 4:30 | Create | Villager (Male) |
| 4:30 | Create | Villager (Male) |
| 4:30 | Create | Villager (Male) |
| 5:14 | Create | Villager (Male) |
| 5:25 | Create | Villager (Male) |
| 5:25 | Create | Villager (Male) |
| 5:40 | Build | Mill |
| 5:48 | Create | Villager (Male) |
| 5:49 | Create | Villager (Male) |
| 6:09 | Create | Villager (Male) |
| 6:10 | Create | Villager (Male) |
| 6:18 | Build | Farm |
| 6:19 | Build | Farm |
| 6:59 | Create | Villager (Male) |
| 7:06 | Build | Farm |
| 7:17 | Create | Villager (Male) |
| 7:28 | Build | House |
| 7:29 | Build | House |
| 7:52 | Create | Villager (Male) |
| 7:59 | Build | Mining Camp |
| 8:17 | Research | Feudal Age |
| 8:17 | Research | Feudal Age |
| 10:25 | Create | Villager (Male) |
| 10:27 | Research | Loom |
| 10:31 | Age | Feudal Age |
| 10:33 | Build | Market |
| 10:35 | Build | Blacksmith |
| 10:36 | Create | Villager (Male) |
| 11:00 | Create | Villager (Male) |
| 11:16 | Build | Farm |
| 11:33 | Research | Castle Age |
| 11:33 | Research | Castle Age |
| 11:34 | Research | Castle Age |
| 12:12 | Build | Barracks |
| 12:21 | Research | Double-Bit Axe |
| 12:21 | Research | Double-Bit Axe |
| 12:43 | Research | Horse Collar |
| 12:43 | Research | Horse Collar |
| 13:08 | Create | Spearman ×5 |
| 13:17 | Build | House |
| 13:51 | Build | House |
| 13:53 | Create | Villager (Male) |
| 14:10 | Research | Scale Mail Armor |
| 14:10 | Research | Scale Mail Armor |
| 14:13 | Age | Castle Age |
| 14:17 | Build | Siege Workshop |
| 14:27 | Create | Spearman |
| 14:27 | Create | Spearman |
| 14:28 | Create | Spearman |
| 14:28 | Create | Spearman |
| 14:41 | Create | Villager (Male) |
| 14:41 | Create | Villager (Male) |
| 14:42 | Create | Villager (Male) |
| 14:46 | Create | Battering Ram |
| 14:47 | Create | Battering Ram |
| 14:50 | Build | House |
| 15:02 | Build | House |
| 15:08 | Create | Villager (Male) |
| 15:09 | Create | Villager (Male) |
| 15:21 | Create | Battering Ram |
| 15:21 | Create | Battering Ram |
| 15:21 | Create | Battering Ram |
| 15:24 | Create | Spearman |
| 15:25 | Create | Spearman |
| 15:27 | Build | House |
| 15:39 | Build | House |
| 15:40 | Create | Villager (Male) |
| 15:40 | Create | Villager (Male) |
| 15:41 | Create | Villager (Male) |
| 15:56 | Create | Spearman |
| 15:56 | Create | Spearman |
| 16:21 | Create | Spearman ×3 |
| 16:22 | Create | Spearman ×3 |
| 16:27 | Build | Farm |
| 17:16 | Create | Villager (Male) ×2 |
| 17:31 | Build | House |
| 17:34 | Create | Scorpion |
| 17:35 | Create | Scorpion |
| 17:41 | Build | House |
| 17:58 | Create | Villager (Male) |
| 17:59 | Build | Farm |
| 18:00 | Create | Villager (Male) |
| 18:22 | Build | Archery Range |
| 18:37 | Build | Lumber Camp |
| 18:38 | Create | Villager (Male) |
| 18:41 | Create | Villager (Male) |
| 18:54 | Create | Battering Ram |
| 18:56 | Create | Villager (Male) |
| 18:57 | Create | Villager (Male) |
| 19:03 | Create | Cavalry Archer |
| 19:03 | Create | Cavalry Archer |
| 19:04 | Create | Cavalry Archer |
| 19:23 | Create | Villager (Male) |
| 19:26 | Create | Cavalry Archer |
| 19:26 | Create | Cavalry Archer |
| 19:27 | Create | Cavalry Archer |
| 19:52 | Create | Cavalry Archer |
| 19:52 | Create | Cavalry Archer |
| 20:01 | Build | Monastery |
| 20:06 | Create | Villager (Male) |
| 20:27 | Create | Villager (Male) |
| 20:30 | Create | Cavalry Archer |
| 20:33 | Create | Villager (Male) |
| 20:53 | Create | Battering Ram |
| 21:02 | Create | Monk |
| 21:12 | Research | Fletching |
| 21:12 | Research | Fletching |
| 21:47 | Create | Cavalry Archer |
| 21:47 | Create | Cavalry Archer |
| 21:57 | Create | Villager (Male) |
| 21:57 | Create | Villager (Male) |
| 22:02 | Build | House |
| 22:17 | Create | Cavalry Archer |
| 22:17 | Create | Cavalry Archer |
| 22:32 | Create | Villager (Male) |
| 22:54 | Create | Scorpion |
| 22:55 | Create | Villager (Male) |
| 22:55 | Create | Villager (Male) |
| 23:02 | Create | Villager (Male) |
| 23:03 | Build | Town Center |
| 23:30 | Create | Villager (Male) |
| 23:30 | Create | Villager (Male) |
| 23:54 | Build | Town Center |
| 23:58 | Create | Villager (Male) |
| 23:58 | Create | Villager (Male) |
| 23:58 | Create | Villager (Male) |
| 24:21 | Build | Farm |
| 24:21 | Build | Farm |
| 24:22 | Build | Farm |
| 24:22 | Build | Farm |
| 24:22 | Build | Farm |
| 24:22 | Build | Farm |
Build order — BTJ | ThC_Lobo
First 150 of 463 actions detected
| 0:01 | Create | Villager (Male) ×4 |
| 0:01 | Create | Villager (Male) ×4 |
| 0:01 | Create | Villager (Male) ×4 |
| 0:03 | Build | House |
| 0:04 | Build | House |
| 1:11 | Create | Villager (Male) |
| 1:45 | Build | Lumber Camp |
| 2:00 | Create | Villager (Male) |
| 2:15 | Create | Villager (Male) |
| 2:44 | Create | Villager (Male) |
| 3:16 | Create | Villager (Male) |
| 3:35 | Build | House |
| 3:49 | Create | Villager (Male) |
| 3:49 | Create | Villager (Male) |
| 4:08 | Create | Villager (Male) |
| 4:09 | Create | Villager (Male) |
| 4:29 | Build | Mill |
| 4:32 | Create | Villager (Male) |
| 4:43 | Create | Villager (Male) |
| 5:25 | Create | Villager (Male) |
| 5:58 | Create | Villager (Male) |
| 6:27 | Research | Feudal Age |
| 6:28 | Research | Feudal Age |
| 7:19 | Build | House |
| 8:04 | Create | Villager (Male) |
| 8:37 | Age | Feudal Age |
| 8:43 | Create | Villager (Male) |
| 8:44 | Build | Town Center |
| 8:48 | Research | Double-Bit Axe |
| 9:20 | Create | Villager (Male) |
| 9:34 | Research | Horse Collar |
| 9:52 | Create | Villager (Male) |
| 10:19 | Create | Villager (Male) |
| 10:20 | Build | Farm |
| 10:22 | Build | Farm |
| 10:25 | Build | Farm |
| 10:35 | Create | Villager (Male) |
| 10:38 | Build | Farm |
| 10:40 | Build | Farm |
| 10:57 | Create | Villager (Male) |
| 10:58 | Create | Villager (Male) |
| 11:08 | Create | Villager (Male) |
| 11:24 | Create | Villager (Male) |
| 12:01 | Create | Villager (Male) |
| 12:02 | Build | Farm |
| 12:02 | Build | Farm |
| 12:03 | Build | Farm |
| 12:07 | Create | Villager (Male) |
| 12:09 | Create | Villager (Male) |
| 12:11 | Create | Villager (Male) |
| 12:15 | Create | Villager (Male) |
| 12:16 | Create | Villager (Male) |
| 12:18 | Build | Farm |
| 12:31 | Build | House |
| 12:42 | Research | Wheelbarrow |
| 12:48 | Build | House |
| 12:49 | Build | House |
| 13:03 | Create | Villager (Male) |
| 13:04 | Create | Villager (Male) |
| 13:13 | Create | Villager (Male) |
| 13:15 | Build | Farm |
| 13:17 | Build | Farm |
| 13:30 | Create | Villager (Male) |
| 13:30 | Create | Villager (Male) |
| 13:38 | Create | Villager (Male) |
| 13:46 | Build | Farm |
| 13:48 | Create | Villager (Male) |
| 13:54 | Build | House |
| 13:56 | Create | Villager (Male) |
| 14:01 | Build | Farm |
| 14:18 | Build | Farm |
| 14:38 | Create | Villager (Male) |
| 14:43 | Build | Blacksmith |
| 14:48 | Create | Villager (Male) |
| 14:51 | Create | Villager (Male) |
| 15:05 | Build | Farm |
| 15:13 | Create | Villager (Male) |
| 15:30 | Build | Barracks |
| 15:34 | Create | Villager (Male) |
| 15:35 | Create | Villager (Male) |
| 15:38 | Create | Villager (Male) |
| 15:52 | Build | Farm |
| 15:55 | Build | Farm |
| 15:57 | Build | Farm |
| 15:58 | Create | Villager (Male) |
| 16:05 | Create | Villager (Male) |
| 16:30 | Build | Stable |
| 16:33 | Build | Farm |
| 16:33 | Build | Farm |
| 16:34 | Build | Farm |
| 16:37 | Create | Villager (Male) |
| 16:50 | Create | Villager (Male) |
| 17:07 | Create | Villager (Male) |
| 17:28 | Create | Villager (Male) |
| 17:33 | Research | Castle Age |
| 17:35 | Build | Stable |
| 17:36 | Create | Villager (Male) |
| 17:37 | Build | Farm |
| 17:38 | Build | Farm |
| 17:42 | Build | Farm |
| 17:43 | Create | Villager (Male) |
| 17:44 | Build | Farm |
| 17:45 | Build | Farm |
| 17:45 | Build | Farm |
| 17:55 | Create | Villager (Male) |
| 17:58 | Build | Mining Camp |
| 17:59 | Create | Villager (Male) |
| 18:07 | Build | House |
| 18:18 | Build | House |
| 18:18 | Build | House |
| 18:24 | Build | Stable |
| 18:26 | Research | Bloodlines |
| 18:27 | Research | Bloodlines |
| 18:27 | Research | Bloodlines |
| 18:29 | Research | Gold Mining |
| 18:31 | Create | Villager (Male) |
| 18:38 | Build | Farm |
| 18:43 | Create | Villager (Male) |
| 18:43 | Create | Villager (Male) |
| 18:59 | Research | Scale Barding Armor |
| 19:18 | Create | Villager (Male) |
| 19:36 | Create | Villager (Male) |
| 19:46 | Build | House |
| 19:46 | Build | House |
| 19:59 | Create | Villager (Male) |
| 20:05 | Create | Villager (Male) |
| 20:13 | Age | Castle Age |
| 20:19 | Create | Steppe Lancer |
| 20:20 | Create | Steppe Lancer |
| 20:20 | Create | Steppe Lancer |
| 20:20 | Create | Steppe Lancer |
| 20:25 | Research | Forging |
| 20:27 | Research | Bow Saw |
| 20:31 | Build | Town Center |
| 20:32 | Create | Villager (Male) |
| 20:39 | Create | Villager (Male) |
| 20:46 | Build | Siege Workshop |
| 20:52 | Build | Palisade Wall |
| 20:52 | Build | Palisade Wall |
| 20:55 | Build | Palisade Wall |
| 21:01 | Create | Knight |
| 21:03 | Create | Villager (Male) |
| 21:07 | Create | Villager (Male) |
| 21:10 | Build | Farm |
| 21:15 | Research | Heavy Plow |
| 21:16 | Create | Villager (Male) |
| 21:18 | Create | Knight |
| 21:28 | Create | Steppe Lancer |
| 21:28 | Create | Steppe Lancer |
| 21:28 | Create | Steppe Lancer |
Build order — Trust_Me
First 150 of 357 actions detected
| 0:01 | Create | Villager (Male) |
| 0:01 | Create | Villager (Male) |
| 0:02 | Create | Villager (Male) |
| 0:02 | Create | Villager (Male) |
| 0:02 | Create | Villager (Male) |
| 0:04 | Build | House |
| 0:05 | Build | House |
| 1:24 | Create | Villager (Male) |
| 1:53 | Build | Lumber Camp |
| 2:00 | Create | Villager (Male) |
| 2:01 | Create | Villager (Male) |
| 2:12 | Create | Villager (Male) |
| 2:12 | Create | Villager (Male) |
| 2:18 | Build | House |
| 2:44 | Create | Villager (Male) |
| 2:44 | Create | Villager (Male) |
| 2:45 | Create | Villager (Male) |
| 3:08 | Create | Villager (Male) |
| 3:08 | Create | Villager (Male) |
| 3:40 | Create | Villager (Male) |
| 3:40 | Create | Villager (Male) |
| 3:55 | Create | Villager (Male) |
| 3:56 | Create | Villager (Male) |
| 4:25 | Create | Villager (Male) |
| 4:26 | Create | Villager (Male) |
| 4:55 | Create | Villager (Male) |
| 5:08 | Create | Villager (Male) |
| 5:10 | Create | Villager (Male) |
| 5:15 | Research | Loom |
| 5:55 | Build | Mining Camp |
| 6:42 | Research | Feudal Age |
| 7:31 | Create | Villager (Male) |
| 7:31 | Create | Villager (Male) |
| 7:52 | Build | House |
| 8:52 | Age | Feudal Age |
| 8:59 | Build | Watch Tower |
| 9:04 | Create | Villager (Male) |
| 9:09 | Build | Blacksmith |
| 9:55 | Create | Villager (Male) |
| 10:08 | Build | House |
| 10:10 | Research | Fletching |
| 10:11 | Research | Fletching |
| 10:14 | Build | Mill |
| 10:27 | Create | Villager (Male) |
| 11:03 | Build | Watch Tower |
| 11:24 | Build | Watch Tower |
| 11:25 | Create | Villager (Male) |
| 11:26 | Create | Villager (Male) |
| 11:28 | Create | Villager (Male) |
| 11:30 | Build | House |
| 12:13 | Create | Villager (Male) |
| 12:13 | Create | Villager (Male) |
| 12:14 | Create | Villager (Male) |
| 12:45 | Build | Barracks |
| 13:39 | Create | Villager (Male) |
| 13:51 | Build | House |
| 14:05 | Build | Stable |
| 14:11 | Create | Spearman |
| 14:12 | Create | Villager (Male) |
| 14:50 | Create | Villager (Male) |
| 14:50 | Create | Villager (Male) |
| 15:05 | Create | Scout Cavalry |
| 15:06 | Create | Scout Cavalry |
| 15:22 | Build | Farm |
| 15:42 | Create | Scout Cavalry |
| 15:46 | Build | Farm |
| 15:50 | Create | Villager (Male) |
| 15:50 | Create | Villager (Male) |
| 16:25 | Create | Villager (Male) |
| 16:28 | Build | Farm |
| 16:31 | Create | Villager (Male) |
| 16:55 | Build | Watch Tower |
| 17:07 | Create | Villager (Male) |
| 17:09 | Build | Farm |
| 17:12 | Create | Villager (Male) |
| 17:17 | Build | Farm |
| 17:19 | Build | Farm |
| 17:21 | Build | Farm |
| 17:57 | Build | Watch Tower |
| 18:02 | Create | Villager (Male) |
| 18:05 | Build | Farm |
| 18:10 | Build | Mill |
| 18:12 | Build | Farm |
| 18:13 | Build | Farm |
| 18:14 | Build | Farm |
| 18:16 | Build | Farm |
| 18:21 | Create | Villager (Male) |
| 18:49 | Build | Farm |
| 18:53 | Build | Farm |
| 19:03 | Create | Spearman |
| 19:28 | Create | Spearman |
| 19:51 | Create | Spearman |
| 19:54 | Create | Villager (Male) |
| 19:56 | Build | Farm |
| 19:58 | Build | Farm |
| 20:23 | Create | Villager (Male) |
| 20:35 | Build | House |
| 20:40 | Create | Spearman |
| 21:02 | Build | Stable |
| 21:35 | Research | Castle Age |
| 21:36 | Research | Castle Age |
| 22:20 | Research | Double-Bit Axe |
| 22:20 | Research | Horse Collar |
| 22:21 | Research | Horse Collar |
| 22:47 | Build | Stable |
| 23:00 | Research | Scale Barding Armor |
| 23:00 | Research | Scale Barding Armor |
| 23:21 | Research | Bloodlines |
| 23:21 | Research | Bloodlines |
| 23:29 | Build | Farm |
| 23:37 | Build | Mining Camp |
| 24:03 | Create | Villager (Male) |
| 24:03 | Create | Villager (Male) |
| 24:04 | Create | Villager (Male) |
| 24:15 | Age | Castle Age |
| 24:28 | Research | Gold Mining |
| 24:28 | Research | Gold Mining |
| 24:38 | Build | Town Center |
| 25:05 | Build | Town Center |
| 25:08 | Research | Chain Barding Armor |
| 25:09 | Research | Chain Barding Armor |
| 25:11 | Research | Husbandry |
| 25:12 | Research | Husbandry |
| 25:13 | Create | Villager (Male) |
| 25:14 | Create | Villager (Male) |
| 25:17 | Create | Villager (Male) |
| 25:21 | Build | Lumber Camp |
| 25:57 | Create | Knight |
| 25:57 | Create | Knight |
| 26:07 | Create | Villager (Male) |
| 26:07 | Create | Villager (Male) |
| 26:09 | Create | Villager (Male) |
| 26:10 | Create | Villager (Male) |
| 26:18 | Build | Mill |
| 26:33 | Create | Knight |
| 26:38 | Create | Villager (Male) |
| 26:38 | Create | Villager (Male) |
| 26:58 | Create | Knight |
| 27:01 | Create | Knight |
| 27:19 | Create | Villager (Male) |
| 27:21 | Create | Villager (Male) |
| 27:23 | Create | Villager (Male) |
| 27:27 | Build | Farm |
| 27:30 | Create | Knight |
| 27:32 | Create | Knight |
| 27:53 | Create | Knight |
| 27:54 | Create | Knight |
| 27:54 | Create | Knight |
| 27:54 | Create | Knight |
| 28:16 | Create | Knight |
Match timeline
| 8:37 | BTJ | ThC_Lobo · age_up feudal |
| 8:52 | Trust_Me · age_up feudal |
| 9:09 | Oliver · wall_segment Palisade Wall x8 |
| 9:12 | Oliver · wall_segment Palisade Wall x10 |
| 9:16 | iZanor · age_up feudal |
| 9:18 | Oliver · wall_segment Palisade Wall x7 |
| 9:19 | Oliver · wall_segment Palisade Wall x7 |
| 9:24 | Oliver · age_up feudal |
| 9:36 | Oliver · wall_segment Palisade Wall x1 |
| 10:24 | emrek03 · age_up feudal |
| 10:31 | Osho · age_up feudal |
| 11:32 | Osho · first_market_sell 100 stone |
| 11:44 | Mono brasilero · age_up feudal |
| 11:54 | PACOVAN · age_up feudal |
| 12:12 | Osho · first_building Barracks |
| 12:45 | Trust_Me · first_building Barracks |
| 12:54 | Mono brasilero · first_market_buy 100 food |
| 13:21 | emrek03 · first_building Barracks |
| 13:48 | Oliver · first_building Barracks |
| 14:00 | emrek03 · first_market_buy 100 wood |
| 14:01 | emrek03 · age_up castle |
| 14:05 | Trust_Me · first_building Stable |
| 14:08 | emrek03 · first_building Stable |
| 14:13 | Osho · age_up castle |
| 14:17 | Osho · first_building Siege Workshop |
| 14:46 | Osho · first_market_buy 100 wood |
| 14:48 | Mono brasilero · first_market_sell 100 wood |
| 15:30 | Oliver · wall_segment Palisade Wall x2 |
| 15:30 | BTJ | ThC_Lobo · first_building Barracks |
| 15:35 | Mono brasilero · age_up castle |
| 15:52 | PACOVAN · age_up castle |
| 16:02 | PACOVAN · first_market_buy 100 stone |
| 16:30 | BTJ | ThC_Lobo · first_building Stable |
| 16:42 | Oliver · wall_segment Palisade Wall x1 |
| 16:48 | Oliver · wall_segment Palisade Wall x5 |
| 16:51 | Oliver · wall_segment Palisade Wall x1 |
| 16:52 | iZanor · first_building Barracks |
| 16:53 | Oliver · wall_segment Palisade Wall x1 |
| 16:57 | Oliver · wall_segment Palisade Wall x7 |
| 17:37 | Mono brasilero · first_building Castle |
| 17:38 | Oliver · wall_segment Palisade Wall x4 |
| 17:48 | iZanor · first_building Stable |
| 17:55 | Oliver · wall_segment Palisade Wall x8 |
| 18:01 | Mono brasilero · wall_segment Palisade Wall x1 |
| 18:22 | Osho · first_building Archery Range |
| 18:37 | Oliver · wall_segment Palisade Wall x2 |
| 20:01 | Osho · first_building Monastery |
| 20:11 | PACOVAN · first_building Barracks |
| 20:13 | BTJ | ThC_Lobo · age_up castle |
| 20:26 | iZanor · first_building Siege Workshop |
| 20:31 | Oliver · first_market_buy 100 food |
| 20:36 | Mono brasilero · wall_segment Stone Wall x6 |
| 20:43 | iZanor · age_up castle |
| 20:46 | BTJ | ThC_Lobo · first_building Siege Workshop |
| 20:52 | BTJ | ThC_Lobo · wall_segment Palisade Wall x1 |
| 20:52 | BTJ | ThC_Lobo · wall_segment Palisade Wall x1 |
| 20:55 | BTJ | ThC_Lobo · wall_segment Palisade Wall x1 |
| 21:05 | iZanor · first_market_buy 100 food |
| 21:35 | PACOVAN · first_building Siege Workshop |
| 22:04 | iZanor · first_market_sell 100 food |
| 22:26 | iZanor · first_building Monastery |
| 24:15 | Trust_Me · age_up castle |
| 24:46 | Mono brasilero · first_building Siege Workshop |
| 25:33 | Oliver · age_up castle |
| 25:45 | Oliver · first_building Siege Workshop |
| 26:47 | emrek03 · first_building Monastery |
| 26:53 | BTJ | ThC_Lobo · first_building Monastery |
| 27:33 | Oliver · first_building Monastery |
| 27:38 | Oliver · wall_segment Palisade Wall x3 |
| 28:14 | PACOVAN · first_building Monastery |
| 29:49 | iZanor · tribute_sent a jugador 1 |
| 29:49 | iZanor · tribute_sent a jugador 2 |
| 29:49 | iZanor · tribute_sent a jugador 3 |
| 29:49 | iZanor · tribute_sent a jugador 5 |
| 29:49 | iZanor · tribute_sent a jugador 6 |
| 29:49 | iZanor · tribute_sent a jugador 7 |
| 29:49 | iZanor · tribute_sent a jugador 8 |
| 29:50 | Oliver · first_market_sell 100 food |
| 30:22 | emrek03 · tribute_sent a jugador 1 |
| 30:22 | emrek03 · tribute_sent a jugador 2 |
| 30:22 | emrek03 · tribute_sent a jugador 4 |
| 30:22 | emrek03 · tribute_sent a jugador 5 |
| 30:22 | emrek03 · tribute_sent a jugador 6 |
| 30:22 | emrek03 · tribute_sent a jugador 7 |
| 30:22 | emrek03 · tribute_sent a jugador 8 |
| 31:32 | PACOVAN · tribute_sent a jugador 1 |
| 31:32 | PACOVAN · tribute_sent a jugador 3 |
| 31:32 | PACOVAN · tribute_sent a jugador 4 |
| 31:32 | PACOVAN · tribute_sent a jugador 5 |
| 31:32 | PACOVAN · tribute_sent a jugador 6 |
| 31:32 | PACOVAN · tribute_sent a jugador 7 |
| 31:32 | PACOVAN · tribute_sent a jugador 8 |
| 31:48 | PACOVAN · first_building Castle |
| 32:08 | Osho · first_building Castle |
| 33:03 | PACOVAN · age_up imperial |
| 34:19 | Osho · age_up imperial |
| 34:25 | iZanor · age_up imperial |
| 35:03 | BTJ | ThC_Lobo · first_market_buy 100 stone |
| 35:07 | BTJ | ThC_Lobo · first_building Castle |
| 35:42 | BTJ | ThC_Lobo · age_up imperial |
| 35:46 | PACOVAN · first_market_sell 500 food |
| 35:51 | Trust_Me · first_building Castle |
| 35:59 | emrek03 · tribute_sent a jugador 1 |
| 35:59 | emrek03 · tribute_sent a jugador 2 |
| 35:59 | emrek03 · tribute_sent a jugador 4 |
| 35:59 | emrek03 · tribute_sent a jugador 5 |
| 35:59 | emrek03 · tribute_sent a jugador 6 |
| 35:59 | emrek03 · tribute_sent a jugador 7 |
| 35:59 | emrek03 · tribute_sent a jugador 8 |
| 36:33 | emrek03 · first_building Castle |
| 37:07 | BTJ | ThC_Lobo · first_market_sell 100 food |
| 37:11 | iZanor · tribute_sent a jugador 1 |
| 37:11 | iZanor · tribute_sent a jugador 2 |
| 37:11 | iZanor · tribute_sent a jugador 3 |
| 37:11 | iZanor · tribute_sent a jugador 5 |
| 37:11 | iZanor · tribute_sent a jugador 6 |
| 37:11 | iZanor · tribute_sent a jugador 7 |
| 37:11 | iZanor · tribute_sent a jugador 8 |
| 38:38 | emrek03 · first_building Archery Range |
| 39:34 | iZanor · tribute_sent a jugador 1 |
| 39:34 | iZanor · tribute_sent a jugador 2 |
| 39:34 | iZanor · tribute_sent a jugador 3 |
| 39:34 | iZanor · tribute_sent a jugador 5 |
| 39:34 | iZanor · tribute_sent a jugador 6 |
| 39:34 | iZanor · tribute_sent a jugador 7 |
| 39:34 | iZanor · tribute_sent a jugador 8 |
| 39:36 | PACOVAN · tribute_sent a jugador 1 |
| 39:36 | PACOVAN · tribute_sent a jugador 3 |
| 39:36 | PACOVAN · tribute_sent a jugador 4 |
| 39:36 | PACOVAN · tribute_sent a jugador 5 |
| 39:36 | PACOVAN · tribute_sent a jugador 6 |
| 39:36 | PACOVAN · tribute_sent a jugador 7 |
| 39:36 | PACOVAN · tribute_sent a jugador 8 |
| 40:15 | PACOVAN · tribute_sent a jugador 1 |
| 40:15 | PACOVAN · tribute_sent a jugador 3 |
| 40:15 | PACOVAN · tribute_sent a jugador 4 |
| 40:15 | PACOVAN · tribute_sent a jugador 5 |
| 40:15 | PACOVAN · tribute_sent a jugador 6 |
| 40:15 | PACOVAN · tribute_sent a jugador 7 |
| 40:15 | PACOVAN · tribute_sent a jugador 8 |
| 40:53 | iZanor · first_building Castle |
| 41:01 | BTJ | ThC_Lobo · resign |
[ AI ANALYSIS · 1 CREDIT ]
What really happened in this match?
Wolo.gg analyzes every decision: build order, eco, micro, common mistakes by bracket. Personalized analysis on WhatsApp or Discord in 30 seconds.
Civ guide
Persians
Perfil
Jugador #11731219